 Dungeon Crawl Stone Soup version 0.27-a0-955-gb57c80000f (webtiles) character file.

Game seed: 17565045811387467814

156580 Glokmah the Demonic Cataclysm (level 17, -7/119 HPs)
             Began as a Demonspawn Ice Elementalist on Apr 12, 2021.
             Was a High Priest of Qazlal.
             Mangled by a bunyip (19 damage)
             ... while paralysed by a fenstrider witch
             ... on level 3 of the Swamp.
             The game lasted 02:06:00 (29855 turns).

Glokmah the Demonic Cataclysm (DsIE)               Turns: 29855, Time: 02:06:01

Health: -7/119     AC: 32    Str: 15    XL:     17   Next: 10%
Magic:  39/39      EV:  2    Int: 21    God:    Qazlal [*****.]
Gold:   1449       SH:  0    Dex: 21    Spells: 2/24 levels left

rFire    . . .     SeeInvis .   b - +3 sling "Punk" {acid, rCorr}
rCold    . . .     Faith    .   p - +0 buckler
rNeg     + . .     Spirit   .   s - +2 troll leather armour {Purgy}
rPois    .         Reflect  +   E - +2 helmet {Int+3}
rElec    +         Harm     .   u - +2 cloak
rCorr    +         Rampage  .   C - +0 pair of gloves
Will     +....                  G - +0 pair of boots
Stlth    +.........             L - amulet "Utosen" {Reflect rElec rN+ Str+2 Slay+2 SH+5}
HPRegen  1.29/turn              U - ring of magical power
MPRegen  0.26/turn              Z - +6 ring of dexterity

@: paralysed, mighty, ice-armoured, protected from physical damage, studying
Throwing, repel missiles
A: hooves 2, slimy green scales 2, powered by pain 2, spiny 3, frail 1
a: Renounce Religion, Upheaval, Elemental Force, Disaster Area


You were on level 3 of the Swamp.
You worshipped Qazlal.
Qazlal was extremely pleased with you.
You visited 5 branches of the dungeon, and saw 27 of its levels.
You also visited: Bailey and Gauntlet.

You collected 4732 gold pieces.
You spent 3283 gold pieces at shops.

Inventory:

Hand Weapons
 a - the +9 hunting sling of Resourcefulness {flame, Int+3 SInv}
   (You took it off a kobold on level 4 of the Dungeon)

   It causes projectiles fired from it to burn those they strike, causing extra
   injury to most foes and up to half again as much damage against particularly
   susceptible opponents.
   It affects your intelligence (+3).
   It lets you see invisible.
 b - the +3 sling "Punk" (weapon) {acid, rCorr}
   (You bought it in a shop on level 2 of the Orcish Mines)

   It protects you from acid and corrosion.
 O - the +4 hunting sling of the Vaults {vorpal, rF++ Dex+4}
   (You found it on level 13 of the Dungeon)

   Any stone fired from it inflicts extra damage.
   It affects your dexterity (+4).
   It greatly protects you from fire.
 V - the +4 hand crossbow "Ogreslayer" {elec, Will++ MP+9 Str+5}
   (You took it off a naga on level 2 of the Lair of Beasts)

   It charges the ammunition it shoots with electricity; occasionally upon a
   hit, such missiles may discharge and cause terrible harm.
   It affects your strength (+5).
   It affects your magic capacity (+9).
   It greatly increases your willpower.
Missiles
 g - 753 stones (quivered ammo)
 j - 10 atropa-tipped darts
 l - 7 throwing nets
 q - 158 sling bullets
 T - 18 boomerangs of dispersal
 Y - 12 silver boomerangs
Armour
 f - a +2 robe of resistance
 p - a +0 buckler (worn)
 r - a scarf of invisibility
 s - a +2 troll leather armour (worn) {Purgy}
 u - a +2 cloak (worn)
 x - a +1 kite shield of poison resistance
 C - a +0 pair of gloves (worn)
 E - a +2 helmet of intelligence (worn)
 G - a +0 pair of boots (worn)
Jewellery
 K - the amulet of Diwaumas {Spirit Str+7}
   (You took it off a gnoll on level 7 of the Dungeon)

   [amulet of guardian spirit]

   It causes incoming damage to be divided between your reserves of health and
   magic.
   It affects your strength (+7).
 L - the amulet "Utosen" (around neck) {Reflect rElec rN+ Str+2 Slay+2 SH+5}
   (You found it in a Gauntlet)

   [amulet of reflection]

   It reflects blocked missile attacks.
   It affects your strength (+2).
   It affects your accuracy and damage with ranged weapons and melee attacks
   (+2).
   It insulates you from electricity.
   It protects you from negative energy.
   It affects your SH (+5).
 S - a ring of protection from cold
 U - a ring of magical power (left hand)
 Z - a +6 ring of dexterity (right hand)
Wands
 m - a wand of iceblast (75)
 A - a wand of charming (8)
 B - a wand of acid (44)
 D - a wand of polymorph (24)
 N - a wand of digging (20)
Scrolls
 h - 2 scrolls of immolation
 i - 2 scrolls of magic mapping
 v - 7 scrolls of fear
 w - 2 scrolls of identify
 y - 10 scrolls of teleportation
 I - a scroll of blinking
Potions
 c - 7 potions of mutation
 d - 6 potions of invisibility
 e - 3 potions of haste
 k - 3 potions of ambrosia
 n - 3 potions of flight
 o - 4 potions of magic
 t - 6 potions of heal wounds
 z - 3 potions of lignification
 F - 4 potions of cancellation
 M - 11 potions of curing
 P - a potion of berserk rage
 R - a potion of brilliance
 W - 3 potions of might
 X - a potion of resistance
Miscellaneous
 H - a condenser vane
 J - a lightning rod (4/4)
 Q - a piece from Xom's chessboard (15/15)


   Skills:
 + Level 12.0 Fighting
 * Level 13.8 Slings
 + Level 13.5 Armour
 - Level 5.0 Dodging
 - Level 1.7 Stealth
 * Level 5.7 Shields
 - Level 4.0 Spellcasting
 * Level 11.6 Ice Magic
 + Level 18.9 Invocations
 - Level 4.0 Evocations


You had 2 spell levels left.
You knew the following spells:

 Your Spells              Type           Power      Damage    Failure   Level
a - Freeze                Ice            100%       1d11      1%          1
b - Frozen Ramparts       Ice            100%       1d12      1%          3
c - Ozocubu's Armour      Ice            52%        N/A       1%          3
d - Absolute Zero         Ice            26%        ∞         100%        9
e - Hailstorm             Conj/Ice       28%        3d8       12%         4
f - Passwall              Tmut/Erth      3%         N/A       21%         2

Your spell library contained the following spells:

 Spells                   Type           Power      Damage    Failure   Level
 Animate Skeleton         Necr           8%         N/A       14%         1
 Foxfire                  Conj/Fire      16%        2x1d4     14%         1
 Pain                     Necr           16%        1d4       14%         1
 Sandblast                Erth           8%         2d5       14%         1
 Sting                    Tmut/Pois      16%        1d3       14%         1
 Summon Small Mammal      Summ           16%        N/A       14%         1
 Call Imp                 Summ           4%         N/A       21%         2
 Poisonous Vapours        Pois/Air       8%         N/A       21%         2
 Summon Ice Beast         Ice/Summ       28%        N/A       12%         4
 Metabolic Englaciation   Hex/Ice        14%        N/A       34%         5
 Call Canine Familiar     Summ           4%         N/A       38%         3
 Ignite Poison            Fire/Tmut/Pois 4%         N/A       38%         3
 Mephitic Cloud           Conj/Pois/Air  4%         N/A       38%         3
 Stone Arrow              Conj/Erth      8%         3d7       38%         3
 Summon Guardian Golem    Hex/Summ       4%         N/A       38%         3
 Vampiric Draining        Necr           2%         2d6       38%         3
 Animate Dead             Necr           2%         N/A       80%         4
 Cause Fear               Hex            2%         N/A       80%         4
 Olgreb's Toxic Radiance  Pois           4%         N/A       80%         4
 Petrify                  Tmut/Erth      4%         N/A       80%         4
 Summon Lightning Spire   Summ/Air       4%         N/A       80%         4
 Simulacrum               Ice/Necr       14%        N/A       88%         6
 Agony                    Necr           4%         N/A       98%         5
 Borgnjor's Vile Clutch   Necr/Erth      2%         N/A       98%         5
 Irradiate                Conj/Tmut      2%         3d14      98%         5
 Lee's Rapid Deconstruct  Erth           2%         3d5*      98%         5
 Blade Hands              Tmut           2%         N/A       100%        6
 Death Channel            Necr           2%         N/A       100%        6
 Statue Form              Tmut/Erth      2%         N/A       100%        6
 Dragon Form              Tmut           2%         N/A       100%        7
 Summon Hydra             Summ           2%         N/A       100%        7
 Chain Lightning          Conj/Air       2%         N/A       100%        8
 Lehudib's Crystal Spear  Conj/Erth      2%         10d2      100%        8
 Dragon's Call            Summ           2%         N/A       100%        9
 Fire Storm               Conj/Fire      2%         8d1       100%        9


Dungeon Overview and Level Annotations

Branches:
Dungeon (15/15)            Temple (1/1) D:4            Lair (6/6) D:8
  Swamp (3/4) Lair:3        Snake (0/4) Lair:2        Slime (0/5) Lair:5
    Orc (2/2) D:10            Elf (0/3) Orc:2        Vaults (0/5) D:13
 Depths (0/5) D:15         Bailey (visited)         Gauntlet (visited)

Altars:
Ashenzari
Cheibriados
Dithmenos
Elyvilon
Fedhas
Gozag
Hepliaklqana
Kikubaaqudgha
Makhleb
Nemelex Xobeh
Okawaru
Qazlal
Ru
Sif Muna
Trog
Uskayaw
Vehumet
Wu Jian
Xom
Yredelemnul
Zin
The Shining One
Beogh
Jiyva

Shops:
D:1 (*:   D:10 *   D:13 :   D:14 (   Orc:2 :*(*


Innate Abilities, Weirdness & Mutations

You have hoof-like feet.
You are mostly covered in slimy green scales. (AC +3)
You sometimes gain power by taking damage.
You are completely covered in sharp spines.
You are frail. (-10% HP)


Message History

Fire: 755 stones
Press: ? - help, Q - select action, (/) - cycle Shift-Dir - straight line, f/p - bunyip
Aim: a bunyip (almost dead, covered in acid, 74% to hit)
You shoot a stone. The stone closely misses the bunyip.
The fenstrider witch is struck by your spines.
The fenstrider witch hits you but does no damage.
You block the fenstrider witch's attack.
Fire: 754 stones
Press: ? - help, Q - select action, (/) - cycle Shift-Dir - straight line, f/p - bunyip
Aim: a bunyip (almost dead, covered in acid, 74% to hit)
You shoot a stone. The stone hits the bunyip.
The bunyip is splashed with acid.
The bunyip seems to be corroded for longer.
The bunyip is almost dead.
You hear a splash.
The fenstrider witch gestures at you while chanting.
You suddenly lose the ability to move!
The fenstrider witch is struck by your spines.
The fenstrider witch hits you. The fenstrider witch kicks you.
You feel protected from physical attacks.
The bunyip claws you but does no damage. x2
The bunyip barely misses you.
A tyrant leech comes into view.
The fenstrider witch gestures at you while chanting.
Your body is wracked with pain!
You focus on the pain.
You feel your power returning.
The fenstrider witch is struck by your spines.
The fenstrider witch hits you.
You feel more protected from physical attacks.
The fenstrider witch kicks you!
You hear a deafening roar!
The fenstrider witch hits you!
* * * LOW HITPOINT WARNING * * *
The fenstrider witch kicks you but does no damage.
The fenstrider witch casts a spell at you.
You shrug off the repeated paralysis!
The bunyip claws you!
* * * LOW HITPOINT WARNING * * *
The bunyip claws you.
* * * LOW HITPOINT WARNING * * *
The bunyip claws you!!
You die...

♣♣♣ ♣♣≈♣♣♣ ♣≈≈.≈♣ ♣
♣≈≈≈.♣ ≈.♣≈≈ ♣♣...≈
≈.♣≈≈≈♣♣♣...
♣♣♣♣♣.≈≈≈≈≈≈♣♣...
♣♣♣♣.°..§≈≈≈≈≈≈≈♣..≈
♣.H@≈≈§≈.♣≈≈≈≈≈♣.≈§.
♣♣.x°○≈≈≈≈≈≈≈≈≈♣≈≈≈≈≈
♣≈☼°§≈≈≈≈§≈≈≈♣♣≈≈≈≈..
♣w≈≈≈.≈§≈≈§≈≈≈≈≈≈≈≈≈.
...≈..≈..†≈≈≈≈≈≈≈≈≈≈≈..
≈.(≈♣≈≈.[..§≈≈≈≈≈≈≈≈≈..♣
♣♣♣♣♣♣≈.≈≈§≈≈≈≈≈≈≈≈≈..♣♣
♣≈≈≈≈≈≈§≈§≈≈≈≈≈≈...♣
♣♣♣♣.≈≈≈....≈≈≈≈≈≈.≈


You could see a bunyip (corroded), a fenstrider witch and a tyrant leech.

Vanquished Creatures
  A tentacled monstrosity (Swamp:1)
  A thorn hunter (Swamp:3)
  Kirke (Lair:4)
  3 fenstrider witches
  A cacodemon (D:13)
  A very ugly thing (D:13)
  A dire elephant (Gauntlet)
  Snorg (D:12)
  3 bunyips
  Azrael (D:14)
  A minotaur (Gauntlet)
  The ghost of Phong the Martial Artist, a journeyman OpTm of Nemelex Xobeh (Lair:4)
  2 eleionomae
  2 crystal guardians (D:13)
  A shambling mangrove (Swamp:3)
  2 fire dragons (D:15)
  4 vault guards (D:13)
  12 hydras
  Erolcha (Orc:2)
  A ghost crab (Swamp:2)
  Harold (D:11)
  Erica (Lair:1)
  2 boulder beetles
  2 catoblepae
  3 centaur warriors
  5 alligators
  A death knight (D:11)
  3 two-headed ogres
  10 death yaks
  A deep troll shaman (Lair:6)
  2 tengu warriors
  5 slime creatures (D:14)
  A sixfirhy (Gauntlet)
  5 skeletal warriors (D:15)
  A fire crab (Lair:6)
  2 goliath frogs
  A glowing orange brain (D:13)
  9 bog bodies
  A swamp dragon (Swamp:3)
  A spriggan druid (Swamp:2)
  A lindwurm (Lair:6)
  An obsidian statue (D:9)
  13 orc knights
  4 deep elf pyromancers
  An orange crystal statue (D:13)
  The ghost of megamayne420 the Cleaver, a novice HOMo of Trog (D:7)
  7 cyclopes
  2 orc sorcerers
  6 ugly things (D:13)
  A salamander (shapeshifter) (D:13)
  3 oklob plants
  5 will-o-the-wisps
  2 manticores (D:12)
  The ghost of endorz the Chopper, a novice DDFi (D:4)
  The ghost of Zevyc the Slicer, a novice KoBr (D:13)
  An ice statue (Gauntlet)
  10 black mambas
  20 elephants
  2 gargoyles (D:13)
  Maggie (Lair:1)
  15 cane toads
  3 rime drakes
  2 unseen horrors (D:12)
  9 komodo dragons
  2 efreet
  2 tengu conjurers (D:13)
  3 yaktaurs (D:15)
  3 trolls
  7 polar bears
  4 tyrant leeches
  15 hornets
  2 bloated husks
  12 dream sheep
  24 blink frogs
  2 vampires
  10 spriggans
  2 tarantellas (shapeshifter)
  9 humans
  75 yaks
  A shadow (D:11)
  2 wyverns
  A wyvern (shapeshifter) (D:13)
  4 basilisks
  A fire bat (shapeshifter) (D:13)
  4 neqoxecs (D:13)
  4 wraiths
  6 fire elementals (D:14)
  3 vampire mosquitoes (Swamp:3)
  3 steam dragons
  6 wargs
  3 nagas (Lair:2)
  6 swamp worms
  12 water moccasins
  3 acid dragons
  A hell hound (D:14)
  48 orc warriors
  5 swamp drakes
  An ice beast (D:6)
  2 hornet zombies
  5 black bears
  Purgy (D:4)
  6 ogres
  12 centaurs
  25 wolves
  4 gnoll sergeants
  3 kobold brigands
  12 bullfrogs
  A scorpion (D:6)
  2 water moccasin skeletons
  8 killer bees (D:9)
  5 wights (D:8)
  3 howler monkeys (D:9)
  An electric eel (Lair:1)
  4 centaur zombies
  A bullfrog skeleton (D:6)
  4 orc priests
  A gnoll shaman (D:7)
  5 hounds
  3 jellies
  3 centaur skeletons
  Ijyb (D:3)
  19 orc wizards
  13 hell rats
  A killer bee zombie (D:7)
  A hound skeleton (D:5)
  Robin (D:2)
  2 howler monkey zombies
  19 gnolls
  A howler monkey skeleton (D:7)
  5 adders
  3 shadow imps
  3 ufetubi (Gauntlet)
  2 worms
  A dart slug (D:1)
  88 orcs
  8 endoplasms
  2 giant cockroaches
  19 goblins
  10 hobgoblins
  20 jackals
  2 quokkas
  5 ball pythons
  5 bats
  A frilled lizard (D:1)
  23 kobolds
  5 rats
867 creatures vanquished.

Vanquished Creatures (collateral kills)
  A hydra (Swamp:2)
  An orc knight (Orc:2)
  A spriggan (Swamp:2)
  3 yaks (D:9)
  An orc (D:9)
7 creatures vanquished.

Vanquished Creatures (others)
  A bloated husk (Swamp:2)
  A human (Lair:4)
  2 vampire mosquitoes (Swamp:2)
  A jackal (D:3)
  16 foxfires
  54 fungi
  147 plants
222 creatures vanquished.

Grand Total: 1096 creatures vanquished

Notes
Turn   | Place    | Note
-------+----------+-------------------------------------------
     0 | D:1      | Glokmah the Demonspawn Ice Elementalist began the quest for
                  | the Orb.
     0 | D:1      | Reached XP level 1. HP: 13/13 MP: 3/3
   123 | D:1      | Found Jachokoa's Book Boutique.
   307 | D:1      | Gained mutation: You are partially covered in slimy green
                  | scales. (AC +2) [demonic ancestry]
   307 | D:1      | Reached XP level 2. HP: 17/20 MP: 1/5
   550 | D:1      | Found Moex's General Store.
   569 | D:1      | Found Ecsibiur's Magic Scroll Emporium.
   655 | D:1      | Found Cucrut's Weapon Emporium.
  1157 | D:2      | Found a faded altar of an unknown god.
  1439 | D:2      | Reached skill level 1 in Fighting
  1481 | D:2      | Reached XP level 3. HP: 23/26 MP: 3/6
  1531 | D:2      | Learned a level 3 spell: Frozen Ramparts
  2595 | D:3      | Noticed Robin
  2597 | D:3      | Reached XP level 4. HP: 31/32 MP: 2/7
  2658 | D:2      | Killed Robin
  2678 | D:3      | Reached skill level 1 in Armour
  2688 | D:3      | Found a bloodstained altar of Trog.
  2696 | D:3      | Learned a level 3 spell: Ozocubu's Armour
  2807 | D:3      | Noticed Ijyb
  2818 | D:3      | Killed Ijyb
  3391 | D:3      | Gained mutation: You are partially covered in sharp spines.
                  | [demonic ancestry]
  3391 | D:3      | Reached XP level 5. HP: 28/38 MP: 2/8
  3797 | D:4      | Noticed a yak
  3797 | D:4      | Noticed a yak
  3797 | D:4      | Noticed a yak
  3797 | D:4      | Noticed a yak
  4250 | D:4      | Killed a yak
  4251 | D:4      | Gained mutation: You have large cloven feet. [demonic
                  | ancestry]
  4251 | D:4      | Reached XP level 6. HP: 19/44 MP: 0/10
  4431 | D:4      | Found a staircase to the Ecumenical Temple.
  4441 | Temple   | Entered the Ecumenical Temple
  4560 | Temple   | Became a worshipper of Qazlal Stormbringer
  4594 | D:4      | Identified the +9 hunting sling of Resourcefulness {flame,
                  | Int+3 SInv}
  4679 | D:4      | Reached skill level 1 in Invocations
  4681 | D:4      | Reached skill level 5 in Ice Magic
  4741 | D:4      | Noticed Purgy
  4764 | D:4      | Killed Purgy
  4874 | D:4      | Reached skill level 2 in Invocations
  4917 | D:4      | Reached * piety under Qazlal
  5066 | D:4      | Gained mutation: You sometimes gain a little power by
                  | taking damage. [demonic ancestry]
  5066 | D:4      | Reached XP level 7. HP: 51/51 MP: 11/11
  5148 | D:4      | You fall into a shaft and drop 2 floors!
  5239 | D:6      | Reached skill level 3 in Invocations
  5287 | D:5      | Entered Level 5 of the Dungeon
  5375 | D:4      | Found a runed translucent gate.
  5380 | D:4      | Found a runed translucent gate.
  5381 | D:4      | Noticed endorz's ghost (novice DDFi)
  5381 | D:4      | Found a runed translucent gate.
  5892 | D:4      | Reached skill level 1 in Slings
  5896 | D:4      | Killed endorz's ghost
  5897 | D:4      | Reached skill level 4 in Invocations
  5897 | D:4      | Gained mutation: You have hoof-like feet. [demonic
                  | ancestry]
  5897 | D:4      | Reached XP level 8. HP: 50/58 MP: 7/13
  5900 | D:4      | Reached ** piety under Qazlal
  6015 | D:3      | Reached skill level 5 in Invocations
  7312 | D:6      | Reached skill level 6 in Invocations
  7716 | D:6      | Reached XP level 9. HP: 65/65 MP: 15/15
  8036 | D:7      | Reached skill level 7 in Invocations
  8182 | D:7      | Found a radiant altar of Vehumet.
  8182 | D:7      | Found a basalt altar of Yredelemnul.
  8291 | D:7      | Found a transporter.
  8310 | D:7      | Identified the amulet of Diwaumas {Spirit Str+7}
  8358 | D:7      | Found a transporter.
  8581 | D:7      | Noticed megamayne420's ghost (novice HOMo)
  8709 | D:7      | Reached *** piety under Qazlal
  8713 | D:7      | Killed megamayne420's ghost
  9061 | D:8      | Reached skill level 8 in Invocations
  9210 | D:8      | Reached skill level 5 in Dodging
  9228 | D:8      | Reached skill level 5 in Fighting
  9670 | D:8      | Reached skill level 5 in Slings
  9670 | D:8      | Reached skill level 1 in Shields
  9749 | D:8      | Gained mutation: You are mostly covered in sharp spines.
                  | [demonic ancestry]
  9749 | D:8      | Reached XP level 10. HP: 74/74 MP: 13/16
  9791 | D:8      | Reached skill level 5 in Armour
  9791 | D:8      | Reached skill level 9 in Invocations
  9929 | D:8      | Found a staircase to the Lair.
 10220 | Lair:1   | Entered Level 1 of the Lair of Beasts
 10234 | Lair:1   | Reached **** piety under Qazlal
 10343 | Lair:1   | Reached skill level 10 in Invocations
 10438 | Lair:1   | Noticed Erica
 10465 | Lair:1   | Killed Erica
 10556 | Lair:1   | Gained mutation: You are mostly covered in slimy green
                  | scales. (AC +3) [demonic ancestry]
 10556 | Lair:1   | Reached XP level 11. HP: 71/81 MP: 15/18
 10754 | Lair:1   | Noticed Maggie
 10760 | Lair:1   | Killed Maggie
 10761 | Lair:1   | Reached skill level 11 in Invocations
 11125 | Lair:1   | Noticed a six-headed hydra
 11135 | Lair:1   | Killed a six-headed hydra
 11422 | Lair:2   | Identified a scroll of acquirement
 11422 | Lair:2   | Acquired a manual of Armour
 11509 | Lair:2   | Reached skill level 12 in Invocations
 11515 | Lair:2   | Reached ***** piety under Qazlal
 11614 | Lair:2   | Noticed a seven-headed hydra
 11619 | Lair:2   | Reached XP level 12. HP: 82/91 MP: 13/21
 11625 | Lair:2   | Killed a seven-headed hydra
 11659 | Lair:2   | Identified the +4 hand crossbow "Ogreslayer" {elec, Will++
                  | MP+9 Str+5}
 11698 | Lair:2   | Reached skill level 13 in Invocations
 12007 | Lair:2   | Found a staircase to the Snake Pit.
 12060 | Lair:2   | Found a basalt altar of Yredelemnul.
 12668 | Lair:3   | Noticed a six-headed hydra
 12679 | Lair:3   | Killed a six-headed hydra
 12848 | Lair:3   | Reached skill level 14 in Invocations
 12857 | Lair:3   | Reached skill level 10 in Slings
 12926 | Lair:3   | Found a staircase to the Swamp.
 13393 | Lair:4   | Noticed an eight-headed hydra
 13473 | Lair:4   | Gained mutation: You sometimes gain power by taking damage.
                  | [demonic ancestry]
 13473 | Lair:4   | Reached XP level 13. HP: 88/99 MP: 15/23
 13556 | Lair:4   | Found a runed translucent door.
 13557 | Lair:4   | Noticed Phong's ghost (journeyman OpTm)
 13578 | Lair:4   | Killed Phong's ghost
 13613 | Lair:4   | Noticed Kirke
 13618 | Lair:4   | Killed Kirke
 14698 | Lair:5   | Reached skill level 15 in Invocations
 14743 | Lair:5   | Reached skill level 10 in Armour
 15242 | Lair:5   | Gained mutation: You are completely covered in sharp
                  | spines. [demonic ancestry]
 15242 | Lair:5   | Reached XP level 14. HP: 80/108 MP: 12/25
 15278 | Lair:5   | Found a staircase to the Slime Pits.
 15278 | Lair:5   | Found a viscous altar of Jiyva.
 15689 | Lair:6   | Entered Level 6 of the Lair of Beasts
 15790 | Lair:6   | Reached skill level 16 in Invocations
 16891 | Lair:6   | Reached skill level 10 in Fighting
 17718 | D:9      | Reached skill level 1 in Evocations
 17885 | D:9      | Found an ancient bone altar of Kikubaaqudgha.
 18007 | D:9      | Found a flagged portal.
 18023 | Bailey   | Entered a bailey
 18046 | Bailey   | Reached skill level 17 in Invocations
 18159 | Bailey   | Identified the +0 ring mail "Lavetosu" {rElec}
 18335 | D:9      | Reached ****** piety under Qazlal
 18371 | D:10     | Entered Level 10 of the Dungeon
 18516 | D:10     | Found a staircase to the Orcish Mines.
 18535 | D:10     | Found Poown's General Store.
 19132 | Orc:1    | Entered Level 1 of the Orcish Mines
 19435 | Orc:2    | Entered Level 2 of the Orcish Mines
 19435 | Orc:2    | Found a staircase to the Elven Halls.
 19713 | Orc:2    | Noticed Erolcha
 19721 | Orc:2    | Killed Erolcha
 19833 | Orc:2    | Reached XP level 15. HP: 117/117 MP: 27/27
 20559 | Orc:2    | Found Ceqic Qiu's Assorted Antiques.
 20559 | Orc:2    | Found Osotwefu's Antique Weapon Shoppe.
 20649 | Orc:2    | Bought the +3 sling "Punk" {acid, rCorr} for 1627 gold
                  | pieces
 20649 | Orc:2    | Found the +3 sling "Punk" {acid, rCorr}
 20878 | Orc:2    | Found Vaeghaatt's General Store.
 20878 | Orc:2    | Found Geacyu's Book Shoppe.
 21189 | D:11     | Noticed Harold
 21196 | D:11     | Killed Harold
 21392 | D:11     | You fall into a shaft and drop 3 floors!
 21393 | D:14     | Noticed Azrael
 21400 | D:14     | Killed Azrael
 21487 | D:13     | Found Orixinaw's Book Boutique.
 22202 | D:12     | Reached skill level 18 in Invocations
 22223 | D:12     | Noticed Snorg
 22236 | D:12     | Killed Snorg
 22518 | D:12     | Acquired 1017 gold pieces
 22934 | Orc:2    | Bought a book of Annihilations for 1656 gold pieces
 23561 | D:13     | Identified the +4 hunting sling of the Vaults {vorpal, rF++
                  | Dex+4}
 23592 | D:13     | Found a runed translucent door.
 23671 | D:13     | Reached skill level 10 in Ice Magic
 23819 | D:13     | Found a gate to the Vaults.
 24047 | D:13     | Found a runed translucent gate.
 24048 | D:13     | Found a runed translucent gate.
 24048 | D:13     | Found a runed translucent gate.
 24132 | D:13     | Found a runed translucent gate.
 24132 | D:13     | Found a runed translucent gate.
 24136 | D:13     | Noticed Zevyc's ghost (novice KoBr)
 24137 | D:13     | Found a runed translucent gate.
 24162 | D:13     | Killed Zevyc's ghost
 24169 | D:13     | Gained mutation: You are frail. (-10% HP) [a neqoxec]
 24270 | D:13     | Learned a level 9 spell: Absolute Zero
 24332 | D:13     | Reached XP level 16. HP: 47/112 MP: 20/29
 24719 | D:14     | Found Darath's Weapon Boutique.
 25463 | D:15     | Entered Level 15 of the Dungeon
 25553 | D:15     | Found a gate leading to a gauntlet.
 25563 | Gauntlet | Entered a Gauntlet
 25563 | Gauntlet | Found a transporter.
 25563 | Gauntlet | Found a runed translucent gate.
 25563 | Gauntlet | Found a runed translucent gate.
 25577 | Gauntlet | Found a runed translucent gate.
 25582 | Gauntlet | Found a transporter.
 25585 | Gauntlet | Found a transporter.
 25590 | Gauntlet | Found a runed translucent door.
 25592 | Gauntlet | Found a runed translucent door.
 25595 | Gauntlet | Found a transporter.
 25598 | Gauntlet | Found a transporter.
 25609 | Gauntlet | Found a transporter.
 25624 | Gauntlet | Found a transporter.
 25636 | Gauntlet | Found a transporter.
 25649 | Gauntlet | Found a transporter.
 25667 | Gauntlet | Found a transporter.
 25678 | Gauntlet | Found a transporter.
 25679 | Gauntlet | Found a transporter.
 25722 | Gauntlet | Found a transporter.
 25736 | Gauntlet | Found a transporter.
 26167 | Gauntlet | Identified the amulet "Utosen" {Reflect rElec rN+ Str+2
                  | Slay+2 SH+5}
 26327 | Gauntlet | Identified Sif Muna's Tome of the Escort
 26654 | D:15     | Found a staircase to the Depths.
 27596 | Swamp:1  | Entered Level 1 of the Swamp
 27715 | Lair:3   | Paralysed by a hornet for 1 turns
 27921 | Swamp:1  | Learned a level 4 spell: Hailstorm
 28155 | Swamp:1  | Noticed a tentacled monstrosity
 28167 | Swamp:1  | Killed a tentacled monstrosity
 28373 | Swamp:1  | Learned a level 2 spell: Passwall
 29169 | Swamp:3  | Reached skill level 5 in Shields
 29419 | Swamp:3  | Reached XP level 17. HP: 119/119 MP: 30/30
 29851 | Swamp:3  | Paralysed by a fenstrider witch for 7 turns
 29855 | Swamp:3  | Mangled by a bunyip

Illustrated notes

Levels and vault maps discovered:
D:1:      dpeg_arrival_solitude, layout_loops_ring, serial_shops, shop_scrolls,
          shop, shop, shop, minivault_27
D:2:      layout_basic, serial_co_window_serial, co_window_paths_b,
          co_window_paths_a, co_window_cross_1, co_window_paths_b,
          co_window_paths_b, co_window_paths_b, co_window_corner_a,
          co_window_broadway_a, co_window_2corner, co_window_2corner,
          co_window_4corner_a, co_window_sun, glass_columns_b, glass_columns_b,
          glass_columns_a, shapermc_ecumenical_altar_notcrosses
D:3:      layout_loops_ring, amcnicky_altar_gilded, eino_tiny_chamber,
          minmay_fractal_squares_gapless_5, uniq_robin, uniq_ijyb
D:4:      layout_loops_ring, temple_statues, serial_bayou,
          serial_bayou_lagoon_b, serial_bayou_pond_b, serial_bayou_crossing,
          serial_bayou_pond_b, gammafunk_ghost_nasty_kobolds,
          minmay_fractal_squares_5, uniq_purgy
D:5:      layout_loops_corners, kennysheep_little_box,
          chequers_serial_rivers_micro_d
D:6:      layout_cave_pools, old_standard_altar, kennysheep_nub,
          lemuel_flame_loot_1
D:7:      layout_basic, gammafunk_temple_overflow_statue,
          gammafunk_ghost_gnarly_gnolls
D:8:      layout_loops_ring, due_lair_maze_entry_diamond
D:9:      layout_layer_cave, overflow_temple_1_default, enter_bailey_5,
          minivault_16, eino_jars
D:10:     layout_basic, orc_0_dummy, serial_shops, nicolae_shop_window_shopping,
          hangedman_decor_peaks_small, lightli_corner_chamber
D:11:     layout_roguey, special_room [special_room_orc], uniq_harold
D:12:     layout_long_grid, uniq_snorg
D:13:     layout_roguey, ximxim_vaults_locker_room, serial_shops,
          nicolae_shop_trees, ploomutoo_gammafunk_ghost_potion_laboratory,
          minmay_crystal_box
D:14:     layout_stronghold, serial_shops, nicolae_shop_window_shopping,
          uniq_azrael
D:15:     grunt_enter_depths_hoard, layout_basic, gauntlet_entry_generic,
          minmay_misc_feat_columns, chequers_serial_rivers_small_3
Temple:   lightli_temple_of_artemis
Lair:1:   layout_roguey, chequers_serial_rivers_micro_c, serial_bayou_pond_b,
          uniq_erica, uniq_maggie
Lair:2:   layout_misc_corridors, minmay_snake_entry_guardpost_small,
          basic_altar, chequers_serial_rivers_micro_d, pond,
          serial_bayou_shore_a, lemuel_fruit_fields, serial_bayou_shore_b,
          grunt_megastairs_2, infiniplex_staircase_pool
Lair:3:   layout_hall_layers, skrybe_swamp_entry_bodies
Lair:4:   layout_loops_ring, gammafunk_ghost_grave, guppyfry_lair_drakes,
          minmay_lair_oklob_chamber, uniq_kirke
Lair:5:   layout_cave_shapes, slime_altar_1, minivault_11, grunt_megastairs_5
Lair:6:   grunt_lair_end_beastmaster, layout_cave_pods, serial_bayou_shore_b,
          serial_bayou_shore_b
Swamp:1:  layout_basic_swamp, infiniplex_staircase_pool_2
Swamp:2:  layout_basic_swamp, evilmike_swamp_ruin_rubble_2,
          statue_in_the_mist_lemuel
Swamp:3:  layout_basic_swamp, ebering_ghost_disaster_area,
          evilmike_swamp_ruin_house_1, swamp_pool2
Orc:1:    layout_caves
Orc:2:    st_orc_town, layout_caves, uniq_erolcha

Skill      XL: |  1  2  3  4  5  6  7  8  9 10 11 12 13 14 15 16 17 |
---------------+----------------------------------------------------+-----
Dodging        | 2 3 4 5 |  5.0
Ice Magic      | 4 5 6 7 8 10 11 | 11.6
Fighting       | 1 2 3 4 5 6 7 8 9 10 11 12 | 12.0
Armour         | 1 2 3 4 5 7 9 10 11 12 13 | 13.5
Spellcasting   | 3 4 |  4.0
Invocations    | 2 4 6 8 10 12 14 15 17 18 | 18.9
Slings         | 1 3 5 6 8 10 11 12 13 | 13.8
Shields        | 1 3 4 5 |  5.7
Evocations     | 2 4 |  4.0
Stealth        | |  1.7

Action                   |  1- 3 |  4- 6 |  7- 9 | 10-12 | 13-15 | 16-18 || total
-------------------------+-------+-------+-------+-------+-------+-------++-------
Melee: Short sword       |    19 |    20 |       |       |       |       ||    39
       Unarmed           |     1 |       |       |       |       |       ||     1
       Club              |       |    22 |       |       |       |       ||    22
       Fustibalus        |       |       |       |       |     1 |       ||     1
       Kick              |       |       |       |       |     1 |       ||     1
 Fire: Hunting sling     |       |    40 |   207 |   442 |   852 |       ||  1541
       Fustibalus        |       |       |       |       |   292 |   494 ||   786
 Cast: Freeze            |    48 |    22 |       |     1 |     1 |     2 ||    74
       Frozen Ramparts   |     3 |     9 |    22 |    41 |    87 |    16 ||   178
       Ozocubu's Armour  |       |     3 |     7 |    14 |    41 |    14 ||    79
Invok: Upheaval          |       |       |       |     1 |    23 |     6 ||    30
       Elemental Force   |       |       |       |       |     1 |     1 ||     2
       Disaster Area     |       |       |       |       |     1 |       ||     1
  Use: Scroll            |       |     3 |     2 |    12 |    16 |     2 ||    35
       Potion            |       |       |     3 |       |     1 |     1 ||     5
 Stab: Sleeping          |     1 |       |       |       |       |       ||     1
Armor: Robe              |     3 |       |       |       |       |       ||     3
       Leather armour    |    23 |    23 |       |       |       |       ||    46
       Troll leather arm |       |     3 |    29 |    45 |   134 |    73 ||   284
       Skin              |       |       |       |       |     2 |       ||     2
Dodge: Dodged            |    23 |    50 |    42 |    73 |   213 |   106 ||   507
       Repelled          |       |       |       |     1 |     6 |     5 ||    12
Block: Other             |       |       |    17 |    18 |     2 |       ||    37
       Reflection        |       |       |     1 |     1 |       |     5 ||     7
       Buckler           |       |       |       |   127 |   292 |   187 ||   606

Table legend: (Time is in decaauts)
 A = Elapsed time spent in this place.
 B = Non-inter-level travel time spent in this place.
 C = Inter-level travel time spent in this place.
 D = Time resting spent in this place.
 E = Time spent auto-exploring this place.
 F = Levels seen in this place.
 G = Mean time per level.
                   A        B        C        D        E       F      G
               +--------+--------+--------+--------+--------+-----+--------+
         Total |  29645 |  26692 |   2953 |   2608 |  16005 |  29 | 1022.2 |
       Dungeon |  16882 |  14809 |   2073 |   1184 |   9455 |  15 | 1125.5 |
        Temple |    130 |    130 |      0 |      0 |    107 |   1 |  130.0 |
          Lair |   7301 |   6736 |    565 |    789 |   4078 |   6 | 1216.8 |
         Swamp |   2224 |   2107 |    117 |    289 |   1064 |   3 |  741.3 |
  Orcish Mines |   2084 |   1887 |    197 |    227 |    973 |   2 | 1042.0 |
        Bailey |    185 |    185 |      0 |     17 |     10 |   1 |  185.0 |
      Gauntlet |    835 |    835 |      0 |    100 |    317 |   1 |  835.0 |
               +--------+--------+--------+--------+--------+-----+--------+

Top non-repeatable levels by time:
     D:2: 1912 daAuts
  Lair:6: 1598 daAuts
     D:3: 1597 daAuts
   Orc:2: 1556 daAuts
     D:4: 1474 daAuts
    D:13: 1290 daAuts
  Lair:1: 1282 daAuts
  Lair:4: 1282 daAuts
     D:8: 1233 daAuts
     D:7: 1224 daAuts
  Lair:2: 1205 daAuts
     D:1: 1134 daAuts
    D:12: 1098 daAuts
    D:14: 1041 daAuts
  Lair:3: 1040 daAuts
